 Dungeon Crawl Stone Soup version 0.24.0-13-gcf9b319 (webtiles) character file.

Game seed: 6072475807360035872, levelgen mode: deterministic

11694 Fang the Fighter (level 11, 0/73 HPs)
             Began as a Gargoyle Fighter on Jan 2, 2020.
             Was a Believer of Trog.
             Slain by a skeletal warrior
             ... wielding a +0 mace of protection
              (5 damage)
             ... on level 9 of the Dungeon on Jan 3, 2020.
             The game lasted 00:11:33 (9463 turns).

Fang the Fighter (Gargoyle Fighter)                 Turns: 9463, Time: 00:11:34

Health: 0/73       AC: 24    Str: 23    XL:     11   Next: 81%
Magic:  11/11      EV:  6    Int: 12    God:    Trog [**....]
Gold:   486        SH: 14    Dex: 14    Spells: 10/10 levels left

rFire    . . .     SeeInvis +   x - +9 mace of Famine {flame, Dex+5 SInv}
rCold    . . .     Gourm    .   B - +2 shield
rNeg     + . .     Faith    .   b - +2 plate armour {rPois}
rPois    ∞         Spirit   .   J - +0 hat {Int+3}
rElec    +         Reflect  .   (no cloak)
rCorr    +         Harm     .   (no gloves)
MR       .....                  (no boots)
Stlth    ..........             p - amulet of the acrobat (curse)
HPRegen  0.22/turn              C - ring of resist corrosion
MPRegen  0.12/turn              G - +4 ring of slaying

@: berserk cooldown, slowed, very slow
A: negative energy resistance 1, electricity resistance, unbreathing,
petrification resistance, rot immunity, AC +8
a: Berserk, Trog's Hand, Renounce Religion


You were on level 9 of the Dungeon.
You worshipped Trog.
Trog was pleased with you.
You were near starving.

You visited 2 branches of the dungeon, and saw 11 of its levels.
You also visited: Sewer.

You collected 561 gold pieces.
You spent 75 gold pieces at shops.

Inventory:

Hand Weapons
 a - a +3 war axe
 x - the +9 mace of Famine (weapon) {flame, Dex+5 SInv}
   (You found it in a sewer)

   It has been specially enchanted to burn those struck by it, causing extra
   injury to most foes and up to half again as much damage against particularly
   susceptible opponents.
   It affects your dexterity (+5).
   It lets you see invisible.
Armour
 b - a +2 plate armour of poison resistance (worn)
 B - a +2 shield (worn)
 J - a +0 hat of intelligence (worn)
Jewellery
 e - a +3 ring of strength
 j - a +2 ring of evasion
 p - a cursed amulet of the acrobat (around neck)
 w - an uncursed ring of protection from magic
 C - a ring of resist corrosion (left hand)
 G - a +4 ring of slaying (right hand)
Wands
 k - a wand of paralysis (6)
 l - a wand of random effects (44)
 r - a wand of iceblast (8)
 u - a wand of polymorph (8)
 I - a wand of disintegration (14)
Scrolls
 f - 5 scrolls of identify
 g - 5 scrolls of teleportation
 n - 5 scrolls of magic mapping
 y - 3 scrolls of remove curse
 D - a scroll of fear
Potions
 h - 4 potions of curing
 i - 6 potions of haste
 m - 2 potions of berserk rage
 o - 2 potions of lignification
 q - 2 potions of cancellation
 s - 2 potions of flight
 t - 3 potions of mutation
 v - 2 potions of invisibility
 z - 3 potions of heal wounds
 F - a potion of might
Comestibles
 c - 14 rations


   Skills:
 + Level 10.6 Fighting
 + Level 8.7 Axes
 + Level 10.6 Armour
 + Level 10.6 Shields


You had 10 spell levels left.
You didn't know any spells.
Your spell library contained the following spells:

 Spells                   Type           Power        Failure   Level  Hunger
 Sting                    Conj/Pois      #...         100%        1    ##.....
 Summon Small Mammal      Summ           #...         100%        1    ##.....
 Call Imp                 Summ           #.......     100%        2    ###....
 Poisonous Vapours        Pois/Air       #.....       100%        2    ###....
 Call Canine Familiar     Summ           #.......     100%        3    ####...
 Mephitic Cloud           Conj/Pois/Air  #.......     100%        3    ####...
 Summon Guardian Golem    Hex/Summ       #.......     100%        3    ####...
 Olgreb's Toxic Radiance  Pois           #.......     100%        4    #####..
 Summon Ice Beast         Ice/Summ       #.......     100%        4    #####..
 Summon Lightning Spire   Summ/Air       #.......     100%        4    #####..
 Venom Bolt               Conj/Pois      #.........   100%        5    ######.


Dungeon Overview and Level Annotations

Branches:
Dungeon (10/15)            Temple (1/1) D:6             Orc (0/2) D:10
  Sewer (visited)
   Lair: D:8-11

Altars:
Ashenzari
Cheibriados
Dithmenos
Elyvilon
Fedhas
Gozag
Hepliaklqana
Kikubaaqudgha
Makhleb
Nemelex Xobeh
Okawaru
Qazlal
Ru
Sif Muna
Trog
Uskayaw
Vehumet
Wu Jian
Xom
Yredelemnul
Zin
The Shining One

Shops:
D:4 %   D:7 !   D:8 :   D:9 (

Annotations:
D:7 2 transporters, pgiattino's ghost, novice GrFi


Innate Abilities, Weirdness & Mutations

You are resistant to torment.
Your stone body is resilient. (AC +8)
You are immune to poison.
You resist negative energy. (rN+)
You are resistant to electric shocks. (rElec)
You can survive without breathing.
You are immune to petrification.
You are immune to rotting.


Message History

You hit the skeletal warrior but do no damage.
The skeletal warrior is heavily damaged.
The skeletal warrior hits you but does no damage. x2
You completely miss the skeletal warrior.
The skeletal warrior is heavily damaged.
The skeletal warrior hits you with a +0 mace of protection!
* * * LOW HITPOINT WARNING * * *
You are near starving!
You hit the skeletal warrior but do no damage.
The skeletal warrior is heavily damaged.
The skeletal warrior hits you but does no damage.
You hit the skeletal warrior but do no damage.
The skeletal warrior is heavily damaged.
The skeletal warrior hits you with a +0 mace of protection.
* * * LOW HITPOINT WARNING * * *
The skeletal warrior closely misses you.
Your shield and plate armour prevent you from hitting the skeletal warrior.
The skeletal warrior is heavily damaged.
The skeletal warrior hits you with a +0 mace of protection.
You die...

.#......##.#.........# #.#
.#####...#.#.#.#.#.#.# ... .
.##..##..#.#.........# .#. #.
.#....#.##.#.#.#.#.#.##. #
....##.##....(..........
.#.##.#....#.#.#.#.#.##..
.#.#..##..##.........# ..
.#.#...#####.#.#.#.#.# .
.#.##......#....@....# .#
.#####.#########z##### ##.#
...........##...#...# ......
##########.##...##..##...##...###
...........#.....#...#...........
...........#...###...#...........
#####>.........#.................
#####...##.#..#####..#..#########
...<....##.#......#e.#...........


You could see a skeletal warrior.

Vanquished Creatures
  A two-headed ogre (D:6)
  An unseen horror (D:9)
  Pikel (D:5)
  An orc sorcerer (D:9)
  2 deep elf magi
  A centaur zombie (D:10)
  A kobold demonologist (D:9)
  2 trolls
  A meliai zombie (D:10)
  A wraith (D:9)
  A wyvern (D:9)
  6 yaks (D:9)
  3 hungry ghosts
  Duvessa (D:4)
  Purgy (Sewer)
  4 ice beasts
  3 sky beasts
  4 black bears
  5 orc warriors
  3 necrophages
  7 ogres
  4 centaurs
  Blork the orc (D:6)
  3 big kobolds
  2 gnoll sergeants (D:10)
  A wyvern zombie (D:8)
  6 bullfrogs
  A water moccasin zombie (D:7)
  Dowan (D:4)
  4 scorpions
  A wyvern skeleton (D:6)
  3 wights (D:10)
  7 howler monkeys
  A bullfrog zombie (D:5)
  5 crimson imps
  6 orc wizards
  5 hounds
  6 orc priests
  3 bullfrog skeletons
  2 centaur skeletons
  3 jellies
  Terence (D:2)
  Jessica (D:2)
  4 worker ants
  A killer bee zombie (D:9)
  A hound zombie (D:7)
  A worker ant zombie (D:8)
  Robin (D:2)
  8 gnolls
  8 adders
  2 river rats (D:6)
  3 shadow imps
  3 adder skeletons
  3 dart slugs
  6 leopard geckos
  33 orcs
  2 ball pythons
  2 giant cockroaches
  10 hobgoblins
  4 jackals
  18 kobolds
  6 quokkas
  9 bats
  14 goblins
  A jackal skeleton (D:4)
  A leopard gecko zombie (D:6)
  10 rats
268 creatures vanquished.

Notes
Turn   | Place    | Note
-------+----------+-------------------------------------------
     0 | D:1      | Fang the Gargoyle Fighter began the quest for the Orb.
     0 | D:1      | Reached XP level 1. HP: 14/14 MP: 1/1
   262 | D:1      | Reached XP level 2. HP: 16/19 MP: 2/2
   840 | D:2      | Noticed Terence
   868 | D:2      | Killed Terence
   868 | D:2      | Reached XP level 3. HP: 22/24 MP: 3/3
   914 | D:2      | Noticed Jessica
   918 | D:2      | Reached XP level 4. HP: 29/29 MP: 4/4
   934 | D:2      | Killed Jessica
   991 | D:2      | Noticed Robin
  1004 | D:2      | Killed Robin
  1004 | D:2      | Reached XP level 5. HP: 28/33 MP: 5/5
  2203 | D:4      | Found Peot's Food Boutique.
  2337 | D:4      | Reached XP level 6. HP: 36/39 MP: 6/6
  2427 | D:4      | Noticed Dowan
  2447 | D:4      | Killed Dowan
  2674 | D:4      | Noticed Duvessa
  2691 | D:4      | Killed Duvessa
  2691 | D:4      | Reached skill level 5 in Fighting
  2691 | D:4      | Reached skill level 5 in Armour
  2691 | D:4      | Reached skill level 5 in Shields
  2691 | D:4      | Reached XP level 7. HP: 16/44 MP: 7/7
  3056 | D:5      | Entered Level 5 of the Dungeon
  3191 | D:5      | Found a glowing golden altar of the Shining One.
  3332 | D:5      | Noticed Pikel
  3350 | D:5      | Killed Pikel
  3350 | D:5      | Reached XP level 8. HP: 44/51 MP: 8/8
  3399 | D:5      | Found a glowing silver altar of Zin.
  3697 | D:5      | Found an ornate altar of the Wu Jian Council.
  3741 | D:6      | Noticed Blork the orc
  3748 | D:6      | Killed Blork the orc
  3798 | D:6      | Found a sparkling altar of Nemelex Xobeh.
  3830 | D:6      | Noticed a two-headed ogre
  4014 | D:6      | Killed a two-headed ogre
  4014 | D:6      | Reached skill level 5 in Axes
  4014 | D:6      | Reached XP level 9. HP: 19/57 MP: 9/9
  4343 | D:6      | Found a staircase to the Ecumenical Temple.
  4432 | D:6      | Found a glowing drain.
  4438 | Sewer    | Entered a sewer
  4472 | Sewer    | Noticed Purgy
  4482 | Sewer    | Killed Purgy
  4548 | Sewer    | Got a polished mace
  4549 | Sewer    | Identified the +9 mace of Famine {flame, Dex+5 SInv} (You
                  | found it in a sewer)
  4607 | Temple   | Entered the Ecumenical Temple
  4721 | D:6      | Found a white marble altar of Elyvilon.
  4930 | D:7      | Found a transporter.
  4970 | D:7      | Noticed a moth of wrath
  4971 | D:7      | Noticed pgiattino's ghost (novice GrFi)
  5032 | D:7      | Paralysed by fainting for 9 turns
  5225 | D:7      | Reached XP level 10. HP: 36/64 MP: 10/10
  5275 | D:7      | Found a transporter.
  5650 | D:7      | Found Nojimn's Distillery.
  5655 | D:7      | Bought a potion of heal wounds for 75 gold pieces
  5671 | D:7      | Found an iron altar of Okawaru.
  5675 | D:7      | Found a hide-covered altar of Uskayaw.
  5680 | D:7      | Found a basalt altar of Yredelemnul.
  6341 | D:8      | Found Kiotav Wooce's Book Boutique.
  7129 | D:9      | Found a bloodstained altar of Trog.
  7144 | D:9      | Became a worshipper of Trog the Wrathful
  7268 | D:9      | Noticed a deep elf mage
  7272 | D:9      | Noticed a kobold demonologist
  7510 | D:9      | Reached XP level 11. HP: 34/71 MP: 11/11
  7782 | D:9      | Identified the +8 morningstar "Ufuisex" {speed, rC+ Str+3
                  | Dex-5}
  7874 | D:9      | Identified the +8 chain mail of Fortification {*Contam
                  | rPois Str+4 SInv}
  7874 | D:9      | Noticed a skeletal warrior
  7888 | D:10     | Entered Level 10 of the Dungeon
  8055 | D:10     | Reached * piety under Trog
  8287 | D:10     | Reached skill level 10 in Fighting
  8411 | D:10     | Noticed a deep elf mage
  8417 | D:10     | Killed a deep elf mage
  8417 | D:10     | Reached skill level 10 in Armour
  8417 | D:10     | Reached skill level 10 in Shields
  8696 | D:10     | Found a staircase to the Orcish Mines.
  8708 | D:10     | Reached ** piety under Trog
  9035 | D:9      | Found Rirekeodaa's Antique Weapon Emporium.
  9139 | D:9      | Killed a deep elf mage
  9298 | D:9      | Noticed an unseen horror
  9309 | D:9      | Killed an unseen horror
  9396 | D:9      | You fall into a shaft and drop 1 floor!
  9419 | D:9      | Noticed an orc sorcerer
  9434 | D:9      | Killed an orc sorcerer
  9463 | D:9      | Slain by a skeletal warrior

Levels and vault maps discovered:
D:1:      lemuel_arrival_lava_pool, layout_basic, minmay_tetromino_o2
D:2:      layout_basic, uniq_terence, uniq_robin, uniq_jessica
D:3:      layout_basic, guppyfry_early_orc_mine
D:4:      layout_basic, serial_shops, nicolae_shop_competitors_out_of_business,
          first_ration, st_stairs_9, uniq_duvessa
D:5:      layout_basic, kennysheep_mini, lemuel_coloured_pillars_altar,
          lemuel_doored_altar, uniq_pikel
D:6:      layout_basic, overflow_temple_1_default, elyvilon_altar_1,
          minmay_temple_entry_statues_pillars, portal_sewer_entry_e,
          uniq_blork_the_orc
D:7:      layout_loops_ring, minitemple, serial_shops, nicolae_shop_stone,
          gammafunk_ghost_berserking_beasts
D:8:      layout_layer_cave, serial_shops, shop_fountains
D:9:      minmay_the_grid_net [minmay_the_grid_broken_lines,
          minmay_the_grid_zigzag_pyramid, minmay_the_grid_fan,
          minmay_the_grid_tri_star, minmay_the_grid_minigrid_small,
          minmay_the_grid_prize_four_corners_diamond_a], layout_long_grid,
          trog_ov_bears_minmay, serial_shops, shop
D:10:     layout_basic, kennysheep_orc_monster_closet_entryway
Temple:   cyrus_circular_temple

Skill      XL: |  1  2  3  4  5  6  7  8  9 10 11 |
---------------+----------------------------------+-----
Axes           | 2 3 4 5 6 7 8 |  8.7
Fighting       | 4 5 6 7 8 9 10 | 10.6
Armour         | 4 5 6 7 8 9 10 | 10.6
Shields        | 4 5 7 8 9 10 | 10.6

Action                   |  1- 3 |  4- 6 |  7- 9 | 10-12 || total
-------------------------+-------+-------+-------+-------++-------
Melee: War axe           |   111 |   207 |   313 |   413 ||  1044
       Mace              |       |       |       |    21 ||    21
Invok: Berserk           |       |       |       |     3 ||     3
Evoke: Wand              |       |       |       |     1 ||     1
  Use: Scroll            |       |     9 |    14 |     4 ||    27
       Potion            |       |     1 |     1 |     1 ||     3
  Eat: Chunk             |       |     6 |     7 |    14 ||    27
       Ration            |       |       |     2 |     1 ||     3
Armor: Chain mail        |    92 |    86 |       |       ||   178
       Scale mail        |     4 |       |       |       ||     4
       Plate armour      |       |    54 |   210 |   296 ||   560
Dodge: Dodged            |    20 |    55 |   104 |   154 ||   333
Block: Shield            |    68 |   126 |   179 |   324 ||   697
